 Dungeon Crawl Stone Soup version 0.30.1-11-g7821555f0a (webtiles) character file.

Game seed: 11107766742412444878

105 Ijustatesigmund the Magician (level 4, 0/25 HPs)
             Began as a Deep Elf Earth Elementalist on Dec 12, 2023.
             Slain by a hobgoblin (2 damage)
             ... led by Robin
             ... on level 1 of the Dungeon.
             The game lasted 00:02:24 (1300 turns).

Ijustatesigmund the Magician (DEEE)                 Turns: 1300, Time: 00:02:24

Health: 0/25       AC:  5    Str:  2 (5)  XL:     4   Next: 53%
Magic:  9/12       EV: 12    Int: 21 (22) God:
Gold:   98         SH:  5    Dex: 14 (15) Spells: 7/11 levels left

rFire   . . .        m - +4 dagger
rCold   + . .        (no shield)
rNeg    . . .        a - +2 robe {rC+}
rPois   .            (no helmet)
rElec   .            (no cloak)
rCorr   .            (no gloves)
SInv    .            o - +0 pair of boots
Will    +....        p - amulet of reflection
Stlth   ++           j - ring of willpower
HPRegen 0.24/turn    (no ring)
MPRegen 0.13/turn

%: reflection
@: no status effects
A: no striking features
a: no special abilities


You were on level 1 of the Dungeon.
You visited 1 branch of the dungeon, and saw 2 of its levels.

You collected 98 gold pieces.

Inventory:

Hand Weapons
 f - a +0 short sword
 m - a +4 dagger (weapon)
Missiles
 k - a throwing net
Armour
 a - a +2 robe of cold resistance (worn)
 o - a +0 pair of boots (worn)
Jewellery
 j - a ring of willpower (left hand)
 p - an amulet of reflection (around neck)
Scrolls
 d - 2 scrolls of identify {unknown}
 e - a scroll of teleportation {unknown}
 i - a scroll of butterflies {unknown}
 n - a scroll of torment {unknown}
Potions
 b - a potion of magic
 c - a potion of brilliance {unknown}
 g - a potion of resistance {unknown}
 l - a potion of attraction {unknown}


   Skills:
 - Level 1.4 Fighting
 - Level 2.4 Dodging
 - Level 2.4 Stealth
 + Level 4.3 Spellcasting
 * Level 1.7 Conjurations
 - Level 1.1 Transmutations
 + Level 4.2 Earth Magic


You had 7 spell levels left.
You knew the following spells:

 Your Spells              Type           Power      Damage    Failure   Level
a - Sandblast             Erth           44%        2d11      1%          1
b - Stone Arrow           Conj/Erth      34%        3d9       11%         3

Your spell library contained the following spells:

 Spells                   Type           Power      Damage    Failure   Level
 Passwall                 Tmut/Erth      12%        N/A       6%          2
 Hailstorm                Conj/Ice       8%         3d4       24%         3
 Petrify                  Tmut/Erth      15%        N/A       36%         4
 Leda's Liquefaction      Hex/Erth       6%         N/A       43%         4
 Lee's Rapid Deconstruct  Erth           11%        3d8*      50%         5
 Ice Form                 Ice/Tmut       6%         N/A       67%         4
 Statue Form              Tmut/Erth      10%        N/A       99%         6
 Simulacrum               Ice/Necr       2%         N/A       100%        6


Dungeon Overview and Level Annotations

Branches:
Dungeon (2/15)

Altars:

Annotations:
D:2 Robin


Message History

The hobgoblin hits you. The hobgoblin completely misses you.
You closely miss the hobgoblin. You block the hobgoblin's attack.
The hobgoblin hits you.
Unknown command.
Okay, then.
Casting: Sandblast (safe; 1% risk of failure)
Confirm with . or Enter, or press ? or * to list all spells.
Aiming: Sandblast (safe; 1% risk of failure)
Press: ? - help, Shift-Dir - straight line, f - hobgoblin
Aim: a hobgoblin (83% to hit)
The blast of sand hits the hobgoblin!
You kill the hobgoblin!
The hobgoblin hits you but does no damage.
The hobgoblin closely misses you.
Casting: Sandblast (safe; 1% risk of failure)
Confirm with . or Enter, or press ? or * to list all spells.
Aiming: Sandblast (safe; 1% risk of failure)
Press: ? - help, Shift-Dir - straight line, f - kobold
Aim: a kobold, wielding a +0 dagger and quivering stones (79% to hit)
The blast of sand hits the kobold!
You kill the kobold!
The hobgoblin hits you.
The hobgoblin hits you but does no damage.
The gnoll hits you with a +0 flail.
* * * LOW HITPOINT WARNING * * *
Casting: Sandblast (safe; 1% risk of failure)
Confirm with . or Enter, or press ? or * to list all spells.
Aiming: Sandblast (safe; 1% risk of failure)
Press: ? - help, Shift-Dir - straight line, f - gnoll
Aim: a gnoll, wielding a +0 flail (85% to hit)
The blast of sand hits the gnoll!
You kill the gnoll!
The hobgoblin misses you. The hobgoblin hits you.
* * * LOW HITPOINT WARNING * * *
You block the hobgoblin's attack.
It was a potion of degeneration.
There was something very wrong with that liquid.
You feel weakened.
You feel dopey.
You feel clumsy. The hobgoblin hits you.
You die...

#.......# ###.#
###.#####.# #...#
##...#####.# #.###
##..####....# #.#
.........##.# #.#
.........##.####.#####
.......####..........#
......## #.####)###.#
.≈≈≈..# #.# #@# #.#
≈§≈≈≈.# #.# #g# #.#
≈≈(§§.#####.# #.# #.#
≈≈>≈§.#.....# #.###.#
≈≈(≈≈.#####.# #....>#
§§§≈≈.# #.# ####..#
§§§≈..# #.# #..#
......# #.# #..#
......# #.#######..#


You could see a hobgoblin (fast).

Vanquished Creatures
  Jessica (D:2)
  2 adders
  2 gnolls
  A dart slug (D:1)
  3 ball pythons
  A bat (D:1)
  2 endoplasms
  2 giant cockroaches
  5 goblins
  5 hobgoblins
  2 quokkas
  3 frilled lizards (D:1)
  7 kobolds (D:1)
  3 rats (D:1)
39 creatures vanquished.

Notes
Turn   | Place    | Note
-------+----------+-------------------------------------------
     0 | D:1      | Ijustatesigmund the Deep Elf Earth Elementalist began the
                  | quest for the Orb.
     0 | D:1      | Reached XP level 1. HP: 10/10 MP: 6/6
   178 | D:1      | Reached XP level 2. HP: 16/16 MP: 6/8
   606 | D:1      | Reached skill level 1 in Fighting
   884 | D:2      | Noticed Jessica
   888 | D:2      | Killed Jessica
   889 | D:2      | Reached XP level 3. HP: 20/20 MP: 5/10
   893 | D:2      | Learned a level 3 spell: Stone Arrow
  1052 | D:2      | Reached XP level 4. HP: 25/25 MP: 8/12
  1151 | D:2      | Reached skill level 1 in Conjurations
  1153 | D:2      | Noticed Robin
  1300 | D:1      | Slain by a hobgoblin

Illustrated notes

Levels and vault maps discovered:
D:1:      lemuel_arrival_lava_pool, layout_loops_ring
D:2:      layout_basic, minmay_tripent, uniq_robin, uniq_sigmund, uniq_jessica

Skill      XL: |  1  2  3  4 |
---------------+-------------+-----
Fighting       | 1 |  1.4
Spellcasting   | 4 |  4.3
Earth Magic    | 4 |  4.2
Conjurations   | 1 |  1.7
Dodging        | |  2.4
Stealth        | |  2.4
Transmutations | |  1.1

Action                     |  1- 3 |  4- 6 || total
---------------------------+-------+-------++-------
  Melee: Dagger            |       |     4 ||     4
   Cast: Sandblast         |    38 |     9 ||    47
    Use: Potion            |       |     1 ||     1
   Stab: Sleeping          |       |     2 ||     2
 Armour: Robe              |       |     5 ||     5
  Dodge: Dodged            |     2 |    15 ||    17
  Block: Other             |       |     6 ||     6
